 Dungeon Crawl Stone Soup version 0.18-a0-1637-g109f206 (webtiles) character file.

731 4thArraOfDagon the Cleaver (level 7, -12/63 HPs)
             Began as a Hill Orc Berserker on Mar 26, 2016.
             Was a Priest of Trog.
             Mangled by an ogre
             ... wielding a +0 giant spiked club
              (19 damage)
             ... on level 6 of the Dungeon.
             The game lasted 00:05:45 (991 turns).

4thArraOfDagon the Cleaver (Hill Orc Berserker)      Turns: 991, Time: 00:05:46

Health: -12/63     AC:  9    Str: 20    XL:     7   Next: 73%
Magic:  0/7        EV:  8    Int:  9    God:    Trog [***...]
Gold:   204        SH:  0    Dex: 10    Spells: 0 memorised, 6 levels left

rFire  + . .     SeeInvis .     a - +0 hand axe
rCold  x . .     Gourm    .     n - +0 chain mail
rNeg   . . .     Faith    .     (no shield)
rPois  .         Spirit   +     (no helmet)
rElec  .         Dismiss  .     (no cloak)
rCorr  .         Reflect  .     (no gloves)
SustAt .         Harm     .     (no boots)
MR     ++...                    d - amulet of guardian spirit
Stlth  ..........               (no ring)
                                l - ring of fire

@: exhausted, marked, flying, regenerating, slowed, very slow, very resistant to
hostile enchantments, extremely unstealthy
A: no striking features
a: Berserk, Trog's Hand, Burn Spellbooks, Renounce Religion


You were on level 6 of the Dungeon.
You worshipped Trog.
Trog was most pleased with you.
You were very hungry.

You visited 1 branch of the dungeon, and saw 6 of its levels.

You collected 204 gold pieces.

Inventory:

Hand Weapons
 a - a +0 hand axe (weapon)
 o - a +0 blowgun
Missiles
 p - 23 poisoned needles
Armour
 n - a +0 chain mail (worn)
Jewellery
 d - an amulet of guardian spirit (around neck)
 l - a ring of fire (left hand)
Scrolls
 e - a scroll of identify {unknown}
Potions
 b - a potion of cancellation {unknown}
 i - a potion of curing {unknown}
 q - a potion of brilliance {unknown}
Books
 m - a book of Geomancy

   Spells                             Type                      Level
   a - Sandblast                      Earth                        1
   b - Passwall                       Transmutation/Earth          2
   c - Stone Arrow                    Conjuration/Earth            3
   d - Petrify                        Transmutation/Earth          4
   e - Lee's Rapid Deconstruction     Earth                        5
   Trog disapproves of the use of such an item.
 r - a book of the Warp

   Spells                             Type                      Level
   a - Recall                         Summoning/Translocation      3
   b - Gell's Gravitas                Hexes/Translocation          3
   c - Force Lance                    Conjuration/Translocation    4
   d - Warp Weapon                    Charms/Translocation         5
   e - Summon Forest                  Summoning/Translocation      5
   Trog disapproves of the use of such an item.
Comestibles
 c - 2 bread rations
 f - 3 meat rations
 k - 4 chunks of flesh


   Skills:
 + Level 6.2 Fighting
 * Level 8.7 Axes
 + Level 4.7 Armour
 - Level 1.5 Dodging


You had 6 spell levels left.
You didn't know any spells.

Dungeon Overview and Level Annotations

Branches:
Dungeon (6/15)
 Temple: D:4-7

Altars:
Ashenzari


Message History

The hound is heavily wounded.
You barely miss the centaur.
The centaur is moderately wounded.
You are no longer berserk.
You are exhausted.
You feel yourself slow down.
You are feeling very hungry.
The centaur barely misses you. The hound bites you but does no damage.
Unknown command.
Unknown command.
Unknown command.
Drink which item? (? for menu, Esc to quit)
It was a potion of flight.
You feel very buoyant.
You fly up into the air.
The centaur hits you.
* * * LOW HITPOINT WARNING * * *
The hound bites you.
* * * LOW HITPOINT WARNING * * *
The ogre hits you with a giant spiked club!!
You die...

##### ##...##
##.....##
#.......#
#.......#
#.......###
##.†@)....#
##.chO.##.##
#.......# .# .
#...5..J##.###...
#................
##.........#....
##......#..# .
##......#..#
#......##.##


You could see an ogre, a centaur, a hound, a crimson imp and an ooze.

Vanquished Creatures
  An ice beast (D:5)
  3 ogres (D:6)
  2 big kobolds (D:5)
  A centaur zombie (D:5)
  A hound (D:6)
  An iguana (D:6)
  8 gnolls (D:5)
  A worm (D:3)
  A dart slug (D:5)
  An orc (D:3)
  3 ball pythons
  2 bats
  3 giant cockroaches
  25 goblins
  26 hobgoblins
  A jackal skeleton (D:4)
  5 kobolds
  3 rats
88 creatures vanquished.

Notes
Turn   | Place    | Note
--------------------------------------------------------------
     0 | D:1      | 4thArraOfDagon the Hill Orc Berserker began the quest for the Orb.
     0 | D:1      | Reached XP level 1. HP: 19/19 MP: 1/1
     9 | D:1      | guardian spirit rofl
   159 | D:2      | Reached XP level 2. HP: 22/27 MP: 0/2
   242 | D:3      | Found a shattered altar of Ashenzari.
   415 | D:5      | Entered Level 5 of the Dungeon
   493 | D:5      | Reached XP level 3. HP: 25/33 MP: 3/3
   501 | D:5      | Noticed an ice beast
   508 | D:5      | Killed an ice beast
   508 | D:5      | Reached ** piety under Trog
   508 | D:5      | Reached skill level 5 in Axes
   508 | D:5      | Reached XP level 4. HP: 31/41 MP: 2/4
   508 | D:5      | Reached XP level 5. HP: 35/47 MP: 2/5
   575 | D:5      | Reached skill level 6 in Axes
   622 | D:5      | Noticed a big kobold
   622 | D:5      | Noticed a big kobold
   632 | D:5      | Killed a big kobold
   633 | D:5      | Reached skill level 5 in Fighting
   633 | D:5      | Reached XP level 6. HP: 44/56 MP: 6/6
   635 | D:5      | Reached skill level 7 in Axes
   712 | D:5      | Reached *** piety under Trog
   834 | D:5      | Received a gift from Trog
   880 | D:5      | Reached XP level 7. HP: 21/61 MP: 4/7
   979 | D:6      | Reached skill level 8 in Axes
   991 | D:6      | Mangled by an ogre

Vault maps used:
D:1:      sevenhm_arrival_forest_fort_large_4
D:2:      patterned_corridor
D:3:      cheibrodos_ashenzari_chains, first_bread, uniq_jessica, uniq_natasha
D:4:      minmay_temple_entry_glass, uniq_pikel, uniq_duvessa, uniq_eustachio
D:5:      minmay_goblin_kobold_castle
D:6:      grunt_temple_overflow_diamond, grunt_pakellas_basics, nemelex_deck,
          uniq_edmund

Skill      XL: |  1  2  3  4  5  6  7 |
---------------+----------------------+-----
Fighting       | 4 5 6 |  6.2
Axes           | 5 6 7 8 |  8.7
Armour         | 3 4 |  4.7
Dodging        | |  1.5

Action                   |  1- 3 |  4- 6 |  7- 9 || total
-------------------------+-------+-------+-------++-------
Melee: Hand axe          |    62 |   102 |    22 ||   186
Invok: Berserk           |     2 |     4 |     1 ||     7
       Trog's Hand       |       |     1 |     1 ||     2
  Use: Scroll            |       |       |     2 ||     2
       Potion            |       |       |     1 ||     1
  Eat: Chunk             |       |     7 |       ||     7
